 Dungeon Crawl Stone Soup version 0.31.0-32-g396128a36d (webtiles) character file.

Game seed: 448195658189751821

44 safid the Ruffian (level 3, 0/28 HPs)
             Began as a Draconian Shapeshifter on Apr 2, 2024.
             Slain by a cerulean imp
             ... wielding a +1 spear
             ... summoned by Natasha
              (3 damage)
             ... on level 2 of the Dungeon.
             The game lasted 00:01:33 (1370 turns).

safid the Ruffian (Draconian Shapeshifter)          Turns: 1370, Time: 00:01:33

Health: 0/28       AC:  5    Str: 18    XL:     3   Next: 41%
Magic:  12/12      EV: 12    Int: 10    God:
Gold:   11         SH:  0    Dex: 10    Spells: 2/2 levels left

rFire   . .          .
                       - Unarmed
rCold   . . .        (no shield)
rNeg    . . .        (body armour unavailable)
rPois   .            (helmet currently unavailable)
rElec   .            (cloak currently unavailable)
rCorr   .            (gloves currently unavailable)
SInv    .            (boots currently unavailable)
Will    .....        k - amulet of regeneration
Stlth   +            d - ring of magical power
HPRegen 1.04/turn    (no ring)
MPRegen 0.13/turn

%: no passive effects
@: beast-form, slowed, very slow
A: beast (slay +2), AC +5, unfitting armour, cold-blooded
a: Begin Untransformation


You were on level 2 of the Dungeon.
You were a hulking beast.
You visited 1 branch of the dungeon, and saw 2 of its levels.

You collected 11 gold pieces.

Inventory:

Missiles
 g - 6 curare-tipped darts (quivered)
Jewellery
 d - a ring of magical power (left hand)
 j - a ring of ice
 k - an amulet of regeneration (around neck)
Talismans
 b - a beast talisman
 c - a flux talisman
Scrolls
 e - 2 scrolls of identify {unknown}
 f - 2 scrolls of teleportation {unknown}
 h - a scroll of immolation {unknown}
 l - a scroll of enchant armour {unknown}
Potions
 a - a potion of lignification
 i - a potion of invisibility {unknown}


   Skills:
 + Level 1.1 Fighting
 - Level 2.0 Dodging
 + Level 3.8 Unarmed Combat
 + Level 3.5 Shapeshifting


You had 2 spell levels left.
You didn't know any spells.
Your spell library contained the following spells:

 Spells                   Type           Power      Damage    Failure   Level
 Magic Dart               Conj           0%         1d3       36%         1
 Blink                    Tloc           0%         N/A       50%         2
 Call Imp                 Summ           0%         N/A       50%         2
 Inner Flame              Hex/Fire       0%         N/A       75%         3
 Flame Wave               Conj/Fire      0%         2d4       98%         4
 Sticky Flame             Fire/Alch      0%         2d4       98%         4


Dungeon Overview and Level Annotations

Branches:
Dungeon (2/15)

Altars:

Shops:
D:1 *   D:2 !

Annotations:
D:2 Natasha


Innate Abilities, Weirdness & Mutations

You are a hulking beast.
Your limbs bulge with bestial killing power. (Slay +2)
Your plain brown scales are hard. (AC +5)
You cannot fit into any form of body armour.
You are cold-blooded and may be slowed by cold attacks.


Message History

You shred the net and break free!
Natasha mumbles some strange words.
A bat comes into view.
The bat moves out of view.
Natasha stares at you and mumbles some strange words.
You feel yourself slow down. The cerulean imp closely misses you.
Natasha casts a spell at you. The magic dart hits you!
The cerulean imp attacks as it pursues you!
The cerulean imp hits you from afar with a +1 spear.
The cerulean imp closely misses you.
The cerulean imp hits you with a +1 spear.
Natasha mumbles some strange words.
The cerulean imp hits you with a +1 spear.
You miss the cerulean imp.
Your tail-slap misses the cerulean imp.
The cerulean imp barely misses you.
You completely miss the cerulean imp.
The cerulean imp hits you with a +1 spear.
You miss the cerulean imp.
Your tail-slap misses the cerulean imp.
The cerulean imp misses you.
The cerulean imp hits you from afar with a +3 spear.
The cerulean imp completely misses you.
You miss the cerulean imp.
Your tail-slap misses the cerulean imp.
The cerulean imp hits you from afar with a +3 spear.
The cerulean imp misses you.
You closely miss the cerulean imp. You punch the cerulean imp.
The cerulean imp is lightly wounded.
The cerulean imp hits you but does no damage.
The cerulean imp closely misses you.
The cerulean imp hits you from afar with a +3 spear.
* * * LOW HITPOINT WARNING * * *
The cerulean imp hits you with a +1 spear.
* * * LOW HITPOINT WARNING * * *
The cerulean imp hits you from afar with a +1 spear.
* * * LOW HITPOINT WARNING * * *
Okay, then.
The cerulean imp attacks as it pursues you!
The cerulean imp hits you from afar with a +1 spear.
You die...

##........<##...........##....
###.......##∩.......##..#....
#.).......##...................
##.#.#.....#####................
#.††......... #.#..............
.............###...#............
....##...............(..........
###........###...###5...>..^....
##..##..........h.5.h...........
#..## ###.###.#.###g..........w
..## ####.###.#.# #............
...####..........#########......
..>................... ......
..................#### ....#
...........†.....># ...:.
.......########.#... ##..
##.##### .####. ..


You could see Natasha, a gnoll and 2 cerulean imps.

Vanquished Creatures
  An adder (D:2)
  A dart slug (D:2)
  A ribbon worm (D:2)
  6 bats
  3 endoplasms
  3 giant cockroaches
  2 goblins (D:1)
  A hobgoblin (D:1)
  2 jackals (D:1)
  2 quokkas (D:1)
  3 frilled lizards (D:1)
  3 kobolds
28 creatures vanquished.

Notes
Turn   | Place    | Note
-------+----------+-------------------------------------------
     0 | D:1      | safid the Draconian Shapeshifter began the quest for the
                  | Orb.
     0 | D:1      | Reached XP level 1. HP: 16/16 MP: 1/1
   181 | D:1      | Reached XP level 2. HP: 23/23 MP: 2/2
   440 | D:1      | Found a faded altar of an unknown god.
   710 | D:1      | Found Xuochit's Assorted Antiques.
  1114 | D:2      | Found Qualeqor's Distillery.
  1127 | D:2      | Reached XP level 3. HP: 18/28 MP: 3/3
  1352 | D:2      | Noticed Natasha
  1369 | D:2      | HP: 1/28 [cerulean imp/+1 spear[Natasha] (4)]
  1370 | D:2      | Slain by a cerulean imp

Illustrated notes

Levels and vault maps discovered:
D:1:      scummos_arrival_hexagon, layout_loops_corners, serial_shops,
          nicolae_shop_window_shopping, shapermc_ecumenical_altar_pompeii,
          minmay_misc_feat_doors, chequers_serial_rivers_marsh,
          minmay_misc_feat_tower
D:2:      layout_rooms, serial_shops, shop, minmay_nonomino_d4, uniq_natasha

Skill      XL: |  1  2  3 |
---------------+----------+-----
Dodging        | 2 |  2.0
Fighting       | |  1.1
Unarmed Combat | |  3.8
Shapeshifting  | |  3.5

Action                     || total
---------------------------++-------
  Melee: Unarmed           ||    74
         Tailslap          ||    10
         Punch             ||     1
 Armour: Skin              ||    68
  Dodge: Dodged            ||    49
